2388 views
Uploaded 2022-02-01 18:48:30
Game version 1.32.10
54:17 long 1on1on1on1 ladder game on (8)Sanctuary_LV
Saved by xzz
2388 views
Uploaded 2022-02-01 18:48:30
Game version 1.32.10
54:17 long 1on1on1on1 ladder game on (8)Sanctuary_LV

55 units @ 7.6k
/ 1.2k
71 buildings @ 9.7k
/ 5.6k



| Healing Salve | 4 | 400 |
| Potion of Healing | 2 | 300 |
| Orb of Lightning | 2 | 750 |
| Tiny Great Hall | 2 | 1200 |
| Lesser Clarity Potion | 1 | 70 |
| Scroll of Town Portal | 3 | 1050 |
| Periapt of Vitality | 5 | 1625 |
| Potion of Lesser Invulnerability | 2 | 300 |
| total: | 21 | 5695g |
| Peon | 19 | 1425 | / | 0 |
| Troll Headhunter | 8 | 1120 | / | 160 |
| Troll Witch Doctor | 4 | 580 | / | 100 |
| Troll Berserker | 8 | 1120 | / | 160 |
| Tauren | 3 | 840 | / | 240 |
| Shaman | 5 | 650 | / | 100 |
| Spirit Walker | 3 | 585 | / | 105 |
| Kodo Beast | 1 | 255 | / | 60 |
| Demolisher | 3 | 660 | / | 150 |
| Goblin Shredder | 1 | 375 | / | 100 |
| total: | 55 | 7610g | / | 1175w |
| Watch Tower | 47 | 5170 | / | 3760 |
| Altar of Storms | 1 | 180 | / | 50 |
| Orc Burrow | 10 | 1600 | / | 400 |
| War Mill | 2 | 410 | / | 0 |
| Barracks | 2 | 360 | / | 100 |
| Voodoo Lounge | 1 | 130 | / | 30 |
| Great Hall | 3 | 1155 | / | 555 |
| Spirit Lodge | 2 | 300 | / | 300 |
| Tauren Totem | 2 | 270 | / | 310 |
| Beastiary | 1 | 145 | / | 140 |
| Stronghold | 2 | 630 | / | 380 |
| Fortress | 2 | 650 | / | 380 |
| total: | 71 | 9720g | / | 5645w |
| 0:09 | Peon |
| 0:09 | Peon |
| 0:23 | Altar of Storms |
| 0:40 | Orc Burrow |
| 0:43 | Peon |
| 0:47 | Peon |
| 1:07 | Peon |
| 1:11 | War Mill |
| 1:25 | Barracks |
| 1:51 | Peon |
| 1:51 | Peon |
| 1:51 | Peon |
| 1:59 | Orc Burrow |
| 2:28 | Troll Headhunter |
| 2:30 | Peon |
| 2:54 | Mirror Image |
| 3:06 | Stronghold |
| 3:15 | Orc Burrow |
| 3:35 | Troll Headhunter |
| 3:35 | Troll Headhunter |
| 4:05 | Troll Headhunter |
| 4:25 | Troll Headhunter |
| 4:38 | Voodoo Lounge |
| 4:42 | Critical Strike |
| 4:58 | Troll Headhunter |
| 4:59 | Troll Headhunter |
| 5:28 | Great Hall |
| 5:30 | Orc Burrow |
| 5:44 | Reinforced Defenses |
| 5:50 | Healing Salve |
| 5:50 | Healing Salve |
| 6:31 | Mirror Image |
| 7:08 | Watch Tower |
| 7:24 | Fortress |
| 7:25 | Steel Ranged Weapons |
| 7:41 | War Stomp |
| 8:19 | Spirit Lodge |
| 8:21 | Healing Salve |
| 8:21 | Healing Salve |
| 8:41 | Goblin Shredder |
| 8:50 | Troll Headhunter |
| 8:54 | Barracks |
| 9:45 | Berserker Upgrade |
| 10:05 | Potion of Healing |
| 10:08 | Orb of Lightning |
| 10:11 | Shaman Adept Training |
| 10:21 | Thorium Ranged Weapons |
| 10:25 | War Mill |
| 10:54 | Endurance Aura |
| 11:12 | Healing Wave |
| 11:18 | Shaman Master Training |
| 12:19 | Critical Strike |
| 12:35 | Spirit Lodge |
| 12:36 | Witch Doctor Adept Training |
| 12:40 | Tauren Totem |
| 12:43 | Tauren Totem |
| 13:59 | Hex |
| 14:23 | War Stomp |
| 14:39 | Periapt of Vitality |
| 14:51 | Potion of Lesser Invulnerability |
| 15:32 | Pulverize |
| 15:32 | Spirit Walker Adept Training |
| 15:35 | Watch Tower |
| 15:36 | Troll Witch Doctor |
| 15:37 | Witch Doctor Master Training |
| 15:40 | Watch Tower |
| 15:41 | Watch Tower |
| 15:59 | Watch Tower |
| 16:01 | Arcanite Ranged Weapons |
| 17:00 | Periapt of Vitality |
| 17:16 | Spirit Walker Master Training |
| 17:17 | Watch Tower |
| 17:42 | Healing Wave |
| 17:45 | Troll Berserker |
| 17:47 | Tauren |
| 18:05 | Orb of Lightning |
| 18:10 | Orc Burrow |
| 18:17 | Orc Burrow |
| 18:20 | Watch Tower |
| 18:24 | Watch Tower |
| 19:00 | Orc Burrow |
| 19:10 | Orc Burrow |
| 19:12 | Shaman |
| 19:48 | Watch Tower |
| 20:25 | Shaman |
| 20:41 | Tiny Great Hall |
| 20:52 | Troll Witch Doctor |
| 20:59 | Mirror Image |
| 21:11 | Spirit Walker |
| 21:15 | Spirit Walker |
| 21:19 | Troll Berserker |
| 21:29 | Lesser Clarity Potion |
| 21:32 | Potion of Healing |
| 21:34 | Scroll of Town Portal |
| 21:44 | Troll Berserker |
| 21:50 | Shaman |
| 21:50 | Troll Witch Doctor |
| 21:54 | Steel Armor |
| 22:02 | Shaman |
| 22:14 | Endurance Aura |
| 22:20 | Peon |
| 22:20 | Peon |
| 22:20 | Peon |
| 22:20 | Peon |
| 22:23 | Peon |
| 23:02 | Periapt of Vitality |
| 23:11 | Potion of Lesser Invulnerability |
| 24:08 | Orc Burrow |
| 25:00 | Thorium Armor |
| 25:02 | Steel Melee Weapons |
| 25:32 | Watch Tower |
| 26:56 | Troll Berserker |
| 26:56 | Troll Berserker |
| 27:06 | Shaman |
| 27:09 | Arcanite Armor |
| 27:13 | Tauren |
| 27:16 | Thorium Melee Weapons |
| 27:22 | Scroll of Town Portal |
| 27:51 | Tauren |
| 28:08 | Tiny Great Hall |
| 28:19 | Watch Tower |
| 28:20 | Watch Tower |
| 28:23 | Watch Tower |
| 28:35 | Watch Tower |
| 28:48 | Watch Tower |
| 28:50 | Watch Tower |
| 28:59 | Spiked Barricades |
| 29:37 | Watch Tower |
| 29:39 | Watch Tower |
| 29:46 | Watch Tower |
| 30:26 | Peon |
| 30:35 | Peon |
| 30:44 | Stronghold |
| 30:45 | Peon |
| 31:12 | Watch Tower |
| 31:16 | Great Hall |
| 31:56 | Watch Tower |
| 33:05 | Troll Witch Doctor |
| 33:08 | Troll Berserker |
| 33:13 | Beastiary |
| 33:20 | Scroll of Town Portal |
| 33:24 | Watch Tower |
| 33:29 | Troll Berserker |
| 33:30 | Troll Berserker |
| 33:31 | Troll Regeneration |
| 34:26 | Kodo Beast |
| 35:00 | Watch Tower |
| 35:09 | Fortress |
| 35:32 | Watch Tower |
| 36:11 | Watch Tower |
| 36:16 | Periapt of Vitality |
| 36:46 | Periapt of Vitality |
| 38:15 | Great Hall |
| 38:16 | Watch Tower |
| 38:16 | Watch Tower |
| 38:17 | Watch Tower |
| 38:32 | Watch Tower |
| 38:33 | Watch Tower |
| 38:58 | Arcanite Melee Weapons |
| 39:02 | Hex |
| 39:19 | Watch Tower |
| 41:01 | Watch Tower |
| 41:04 | Watch Tower |
| 41:15 | Watch Tower |
| 41:16 | Watch Tower |
| 41:31 | War Stomp |
| 42:06 | Watch Tower |
| 44:37 | Watch Tower |
| 44:41 | Watch Tower |
| 44:45 | Healing Wave |
| 45:03 | Improved Spiked Barricades |
| 45:05 | Peon |
| 45:05 | Peon |
| 45:09 | Demolisher |
| 45:30 | Watch Tower |
| 45:33 | Watch Tower |
| 45:55 | Spirit Walker |
| 46:02 | Demolisher |
| 46:08 | Watch Tower |
| 46:10 | Watch Tower |
| 46:12 | Watch Tower |
| 46:22 | Orc Burrow |
| 46:28 | Watch Tower |
| 46:43 | Watch Tower |
| 46:49 | Demolisher |
| 46:51 | Burning Oil |
| 47:19 | Watch Tower |
| 47:21 | Watch Tower |
| Select group | 4345 |
| Right click | 3078 |
| Select | 874 |
| Use ability | 250 |
| Build/train/purchase | 210 |
| Assign group | 68 |
| Misc. action | 52 |
| Chat | 29 |
| Item give/drop | 9 |
| Remove unit | 1 |
43 units @ 7.6k
/ 1.4k
22 buildings @ 3.6k
/ 1.3k


| Rod of Necromancy | 2 | 300 |
| Ritual Dagger | 1 | 125 |
| Potion of Healing | 1 | 150 |
| Scroll of Town Portal | 1 | 350 |
| total: | 5 | 925g |
| Acolyte | 10 | 750 | / | 0 |
| Ghoul | 3 | 360 | / | 0 |
| Crypt Fiend | 5 | 1075 | / | 200 |
| Gargoyle | 19 | 3325 | / | 570 |
| Obsidian Statue | 1 | 200 | / | 35 |
| Frost Wyrm | 4 | 1540 | / | 480 |
| Goblin Shredder | 1 | 375 | / | 100 |
| total: | 43 | 7625g | / | 1385w |
| Spirit Tower | 5 | 725 | / | 200 |
| Nerubian Tower | 1 | 100 | / | 20 |
| Altar of Darkness | 1 | 180 | / | 50 |
| Ziggurat | 13 | 1950 | / | 650 |
| Crypt | 1 | 200 | / | 50 |
| Graveyard | 1 | 215 | / | 0 |
| Tomb of Relics | 1 | 130 | / | 30 |
| Necropolis | 2 | 450 | / | 0 |
| Slaughterhouse | 1 | 140 | / | 135 |
| Boneyard | 2 | 350 | / | 400 |
| Halls of the Dead | 1 | 320 | / | 210 |
| Black Citadel | 1 | 325 | / | 230 |
| total: | 22 | 3615g | / | 1315w |
| 0:04 | Acolyte |
| 0:04 | Acolyte |
| 0:12 | Altar of Darkness |
| 0:15 | Ziggurat |
| 0:33 | Crypt |
| 0:57 | Graveyard |
| 1:26 | Ziggurat |
| 1:33 | Tomb of Relics |
| 1:40 | Ghoul |
| 2:01 | Ghoul |
| 2:16 | Death Coil |
| 2:26 | Ghoul |
| 2:38 | Rod of Necromancy |
| 3:21 | Crypt Fiend |
| 3:25 | Halls of the Dead |
| 3:47 | Crypt Fiend |
| 4:04 | Crypt Fiend |
| 4:28 | Ziggurat |
| 4:48 | Unholy Aura |
| 4:52 | Crypt Fiend |
| 5:23 | Ritual Dagger |
| 5:24 | Rod of Necromancy |
| 6:16 | Crypt Fiend |
| 6:37 | Spirit Tower |
| 6:38 | Nerubian Tower |
| 6:43 | Slaughterhouse |
| 6:55 | Impale |
| 7:08 | Ziggurat |
| 7:16 | Creature Attack |
| 8:02 | Gargoyle |
| 8:12 | Gargoyle |
| 8:23 | Obsidian Statue |
| 8:43 | Gargoyle |
| 8:52 | Unholy Strength |
| 9:05 | Goblin Shredder |
| 9:31 | Gargoyle |
| 9:53 | Black Citadel |
| 10:12 | Gargoyle |
| 10:27 | Gargoyle |
| 10:50 | Death Coil |
| 10:54 | Spiked Carapace |
| 10:58 | Gargoyle |
| 11:24 | Gargoyle |
| 11:27 | Unholy Armor |
| 11:53 | Gargoyle |
| 12:09 | Gargoyle |
| 12:27 | Acolyte |
| 12:27 | Acolyte |
| 12:34 | Boneyard |
| 12:40 | Creature Carapace |
| 12:43 | Boneyard |
| 13:07 | Improved Unholy Strength |
| 13:28 | Spiked Carapace |
| 14:03 | Gargoyle |
| 14:27 | Gargoyle |
| 14:44 | Ziggurat |
| 14:48 | Unholy Aura |
| 15:05 | Gargoyle |
| 15:19 | Ziggurat |
| 15:21 | Ziggurat |
| 15:24 | Ziggurat |
| 15:46 | Frost Wyrm |
| 15:52 | Acolyte |
| 15:53 | Acolyte |
| 16:15 | Acolyte |
| 16:15 | Acolyte |
| 16:41 | Improved Unholy Armor |
| 16:54 | Spirit Tower |
| 16:55 | Spirit Tower |
| 17:35 | Ziggurat |
| 17:39 | Ziggurat |
| 17:46 | Ziggurat |
| 17:50 | Ziggurat |
| 18:16 | Impale |
| 18:22 | Improved Creature Attack |
| 18:33 | Frost Wyrm |
| 19:06 | Frost Wyrm |
| 19:24 | Spirit Tower |
| 19:26 | Spirit Tower |
| 19:44 | Acolyte |
| 19:44 | Acolyte |
| 20:12 | Scroll of Town Portal |
| 20:29 | Gargoyle |
| 20:39 | Necropolis |
| 21:06 | Gargoyle |
| 21:17 | Frost Wyrm |
| 21:28 | Unholy Aura |
| 21:39 | Gargoyle |
| 21:46 | Necropolis |
| 21:48 | Ziggurat |
| 21:59 | Advanced Unholy Armor |
| 22:38 | Potion of Healing |
| 22:42 | Gargoyle |
| 23:03 | Gargoyle |
| 23:24 | Gargoyle |
| Select | 364 |
| Right click | 360 |
| Build/train/purchase | 103 |
| Select group | 93 |
| Use ability | 21 |
| Assign group | 5 |
| Item give/drop | 3 |
| Remove unit | 2 |
70 units @ 9.6k
/ 1.7k
187 buildings @ 23.9k
/ 15.2k

| Lesser Clarity Potion | 7 | 490 |
| Healing Salve | 6 | 600 |
| Scroll of Speed | 1 | 50 |
| Potion of Mana | 3 | 600 |
| Potion of Healing | 2 | 300 |
| Scroll of Town Portal | 6 | 2100 |
| Potion of Lesser Invulnerability | 2 | 300 |
| Potion of Invisibility | 2 | 200 |
| total: | 29 | 4640g |
| Peon | 27 | 2025 | / | 0 |
| Grunt | 2 | 400 | / | 0 |
| Troll Headhunter | 6 | 840 | / | 120 |
| Demolisher | 2 | 440 | / | 100 |
| Troll Batrider | 29 | 4640 | / | 1160 |
| Goblin Shredder | 2 | 750 | / | 200 |
| Goblin Zeppelin | 2 | 480 | / | 120 |
| total: | 70 | 9575g | / | 1700w |
| Watch Tower | 153 | 16830 | / | 12240 |
| Orc Burrow | 6 | 960 | / | 240 |
| Altar of Storms | 1 | 180 | / | 50 |
| Barracks | 2 | 360 | / | 100 |
| War Mill | 2 | 410 | / | 0 |
| Voodoo Lounge | 9 | 1170 | / | 270 |
| Great Hall | 8 | 3080 | / | 1480 |
| Beastiary | 6 | 870 | / | 840 |
| Stronghold | 2 | 630 | / | 380 |
| Fortress | 1 | 325 | / | 190 |
| total: | 187 | 23860g | / | 15220w |
| 0:16 | Peon |
| 0:16 | Peon |
| 0:19 | Orc Burrow |
| 0:22 | Altar of Storms |
| 0:49 | Barracks |
| 1:01 | Peon |
| 1:29 | Orc Burrow |
| 1:52 | Grunt |
| 2:07 | War Mill |
| 2:14 | Peon |
| 2:30 | Serpent Ward |
| 2:37 | Voodoo Lounge |
| 2:39 | Voodoo Lounge |
| 2:48 | Grunt |
| 3:30 | Troll Headhunter |
| 3:32 | Orc Burrow |
| 3:36 | Orc Burrow |
| 3:47 | Hex |
| 3:52 | Troll Headhunter |
| 3:56 | Peon |
| 3:56 | Peon |
| 4:09 | Watch Tower |
| 4:15 | Lesser Clarity Potion |
| 4:15 | Healing Salve |
| 4:26 | Troll Headhunter |
| 4:33 | Peon |
| 4:46 | Troll Headhunter |
| 5:31 | Goblin Shredder |
| 5:48 | Watch Tower |
| 5:49 | Watch Tower |
| 5:52 | Watch Tower |
| 5:53 | Watch Tower |
| 5:54 | Watch Tower |
| 6:01 | Healing Salve |
| 6:01 | Lesser Clarity Potion |
| 6:22 | Watch Tower |
| 6:52 | Great Hall |
| 7:05 | Watch Tower |
| 8:03 | Healing Salve |
| 8:06 | Stronghold |
| 8:15 | Troll Headhunter |
| 8:24 | Watch Tower |
| 8:27 | Watch Tower |
| 8:33 | Troll Headhunter |
| 8:47 | Watch Tower |
| 8:55 | Scroll of Speed |
| 8:57 | Serpent Ward |
| 9:21 | Watch Tower |
| 9:31 | Watch Tower |
| 9:39 | Orc Burrow |
| 10:30 | Demolisher |
| 10:35 | Barracks |
| 10:44 | Watch Tower |
| 10:46 | Watch Tower |
| 10:47 | Reinforced Defenses |
| 11:03 | Beastiary |
| 11:06 | Peon |
| 11:23 | Demolisher |
| 11:48 | Hex |
| 12:11 | Beastiary |
| 12:14 | Troll Batrider |
| 12:18 | Watch Tower |
| 12:23 | Watch Tower |
| 12:23 | Watch Tower |
| 12:24 | Watch Tower |
| 12:33 | Watch Tower |
| 12:34 | Watch Tower |
| 12:34 | Watch Tower |
| 12:35 | Watch Tower |
| 12:36 | Watch Tower |
| 12:46 | Healing Salve |
| 12:52 | Lesser Clarity Potion |
| 12:54 | Scroll of Town Portal |
| 13:06 | Troll Batrider |
| 13:08 | Spiked Barricades |
| 13:35 | Peon |
| 14:14 | Troll Batrider |
| 14:25 | Serpent Ward |
| 14:35 | Troll Batrider |
| 14:50 | Great Hall |
| 14:52 | Watch Tower |
| 14:52 | Watch Tower |
| 14:53 | Watch Tower |
| 14:53 | Watch Tower |
| 14:54 | Watch Tower |
| 14:54 | Watch Tower |
| 15:52 | Troll Batrider |
| 15:58 | Watch Tower |
| 15:58 | Watch Tower |
| 15:58 | Watch Tower |
| 15:59 | Watch Tower |
| 15:59 | Watch Tower |
| 15:59 | Watch Tower |
| 15:59 | Watch Tower |
| 15:59 | Watch Tower |
| 16:00 | Watch Tower |
| 16:00 | Watch Tower |
| 16:01 | Watch Tower |
| 16:01 | Watch Tower |
| 16:01 | Watch Tower |
| 16:01 | Watch Tower |
| 16:01 | Watch Tower |
| 16:01 | Watch Tower |
| 17:22 | Troll Batrider |
| 17:30 | Peon |
| 17:35 | Watch Tower |
| 17:36 | Watch Tower |
| 17:36 | Watch Tower |
| 17:37 | Watch Tower |
| 17:38 | Watch Tower |
| 17:39 | Watch Tower |
| 17:44 | Peon |
| 17:48 | Beastiary |
| 17:58 | Scroll of Town Portal |
| 18:00 | Lesser Clarity Potion |
| 18:18 | Troll Batrider |
| 18:29 | Peon |
| 18:29 | Peon |
| 18:29 | Peon |
| 18:32 | Goblin Shredder |
| 18:50 | Peon |
| 18:50 | Peon |
| 18:50 | Peon |
| 18:56 | Watch Tower |
| 19:03 | Watch Tower |
| 19:03 | Watch Tower |
| 19:03 | Watch Tower |
| 19:04 | Watch Tower |
| 19:04 | Watch Tower |
| 19:04 | Watch Tower |
| 19:05 | Watch Tower |
| 19:05 | Watch Tower |
| 19:05 | Watch Tower |
| 19:05 | Watch Tower |
| 19:49 | Steel Ranged Weapons |
| 20:01 | Great Hall |
| 20:07 | Troll Batrider |
| 20:10 | Fortress |
| 20:31 | Watch Tower |
| 20:32 | Watch Tower |
| 20:35 | Watch Tower |
| 20:36 | Watch Tower |
| 20:43 | Troll Batrider |
| 21:03 | Watch Tower |
| 21:04 | Watch Tower |
| 21:04 | Watch Tower |
| 21:05 | Watch Tower |
| 21:06 | Watch Tower |
| 21:07 | Watch Tower |
| 21:13 | Voodoo Lounge |
| 21:25 | Voodoo Lounge |
| 21:35 | Troll Batrider |
| 21:45 | Orc Burrow |
| 21:49 | Steel Armor |
| 22:14 | Watch Tower |
| 22:15 | Watch Tower |
| 22:26 | Troll Batrider |
| 22:31 | Liquid Fire |
| 22:32 | Troll Batrider |
| 22:35 | Improved Spiked Barricades |
| 22:57 | Troll Batrider |
| 23:19 | Troll Batrider |
| 23:44 | Troll Batrider |
| 24:09 | Beastiary |
| 24:10 | Beastiary |
| 24:15 | Beastiary |
| 25:00 | Thorium Ranged Weapons |
| 25:01 | Thorium Armor |
| 25:05 | Potion of Lesser Invulnerability |
| 25:08 | Potion of Invisibility |
| 25:56 | Troll Regeneration |
| 26:25 | Burning Oil |
| 26:26 | Arcanite Ranged Weapons |
| 29:14 | Big Bad Voodoo |
| 30:03 | Troll Batrider |
| 30:03 | Troll Batrider |
| 30:04 | Troll Batrider |
| 30:06 | Arcanite Armor |
| 30:20 | Great Hall |
| 30:25 | Peon |
| 30:25 | Peon |
| 30:25 | Peon |
| 30:25 | Peon |
| 30:25 | Peon |
| 30:33 | Watch Tower |
| 30:33 | Watch Tower |
| 30:33 | Watch Tower |
| 30:34 | Watch Tower |
| 30:34 | Watch Tower |
| 30:35 | Watch Tower |
| 30:48 | Troll Batrider |
| 31:13 | Great Hall |
| 31:15 | Watch Tower |
| 31:15 | Watch Tower |
| 31:16 | Watch Tower |
| 31:16 | Watch Tower |
| 31:16 | Watch Tower |
| 32:21 | Potion of Invisibility |
| 32:23 | Potion of Lesser Invulnerability |
| 32:35 | Watch Tower |
| 32:35 | Watch Tower |
| 32:36 | Watch Tower |
| 32:36 | Watch Tower |
| 33:19 | Watch Tower |
| 33:19 | Watch Tower |
| 33:20 | Watch Tower |
| 33:20 | Watch Tower |
| 33:21 | Watch Tower |
| 33:21 | Watch Tower |
| 33:21 | Watch Tower |
| 33:22 | Watch Tower |
| 33:22 | Watch Tower |
| 33:26 | Voodoo Lounge |
| 33:28 | Voodoo Lounge |
| 34:21 | Great Hall |
| 34:22 | Watch Tower |
| 34:23 | Watch Tower |
| 34:23 | Watch Tower |
| 34:24 | Watch Tower |
| 34:24 | Watch Tower |
| 34:24 | Watch Tower |
| 34:24 | Watch Tower |
| 34:25 | Watch Tower |
| 34:26 | Watch Tower |
| 34:57 | Healing Salve |
| 35:29 | Watch Tower |
| 35:29 | Watch Tower |
| 35:29 | Watch Tower |
| 35:30 | Watch Tower |
| 35:30 | Watch Tower |
| 35:30 | Watch Tower |
| 35:31 | Watch Tower |
| 35:45 | Scroll of Town Portal |
| 35:56 | Troll Batrider |
| 36:36 | Hex |
| 37:39 | Troll Batrider |
| 37:41 | Troll Batrider |
| 37:49 | Voodoo Lounge |
| 38:44 | Troll Batrider |
| 38:47 | Troll Batrider |
| 38:48 | Troll Batrider |
| 38:56 | Lesser Clarity Potion |
| 38:58 | Potion of Mana |
| 39:00 | Potion of Mana |
| 39:12 | Watch Tower |
| 39:13 | Watch Tower |
| 39:14 | Watch Tower |
| 39:14 | Watch Tower |
| 39:14 | Watch Tower |
| 39:24 | Watch Tower |
| 39:24 | Watch Tower |
| 39:24 | Watch Tower |
| 39:24 | Watch Tower |
| 39:25 | Watch Tower |
| 39:25 | Watch Tower |
| 39:26 | Watch Tower |
| 39:26 | Watch Tower |
| 39:26 | Watch Tower |
| 39:27 | Watch Tower |
| 39:28 | Watch Tower |
| 40:21 | Potion of Healing |
| 40:21 | Scroll of Town Portal |
| 41:22 | Healing Wave |
| 41:57 | Healing Salve |
| 41:57 | Lesser Clarity Potion |
| 42:01 | Scroll of Town Portal |
| 42:42 | Troll Batrider |
| 43:39 | Troll Batrider |
| 44:42 | Great Hall |
| 44:44 | Watch Tower |
| 44:44 | Watch Tower |
| 44:45 | Watch Tower |
| 44:46 | Watch Tower |
| 44:46 | Watch Tower |
| 44:47 | Watch Tower |
| 44:47 | Watch Tower |
| 44:54 | Troll Batrider |
| 45:01 | Potion of Healing |
| 45:01 | Potion of Mana |
| 45:05 | Lesser Clarity Potion |
| 45:07 | Scroll of Town Portal |
| 45:10 | Peon |
| 45:10 | Peon |
| 45:11 | Peon |
| 45:11 | Peon |
| 45:11 | Peon |
| 45:16 | Watch Tower |
| 45:17 | Watch Tower |
| 45:17 | Watch Tower |
| 45:17 | Watch Tower |
| 45:18 | Watch Tower |
| 45:18 | Watch Tower |
| 45:19 | Watch Tower |
| 45:19 | Watch Tower |
| 45:19 | Watch Tower |
| 45:20 | Watch Tower |
| 45:20 | Watch Tower |
| 45:20 | Watch Tower |
| 45:21 | Watch Tower |
| 45:21 | Watch Tower |
| 45:21 | Watch Tower |
| 45:25 | Great Hall |
| 45:32 | Troll Batrider |
| 47:39 | Voodoo Lounge |
| 47:43 | Goblin Zeppelin |
| 49:30 | Healing Wave |
| 50:50 | Stronghold |
| 53:00 | Voodoo Lounge |
| 53:03 | War Mill |
| 53:19 | Goblin Zeppelin |
| Right click | 1972 |
| Select | 809 |
| Select group | 342 |
| Use ability | 187 |
| Build/train/purchase | 159 |
| Assign group | 49 |
| Misc. action | 24 |
| Esc | 10 |
| Item give/drop | 4 |
| Remove unit | 2 |
62 units @ 6.9k
/ 0.8k
30 buildings @ 6.4k
/ 3.5k



| Scroll of Healing | 4 | 1000 |
| Scroll of Town Portal | 5 | 1750 |
| Potion of Lesser Invulnerability | 3 | 450 |
| Staff of Teleportation | 1 | 150 |
| total: | 13 | 3350g |
| Wisp | 40 | 2400 | / | 0 |
| Archer | 9 | 1170 | / | 90 |
| Hippogryph | 6 | 960 | / | 120 |
| Chimaera | 5 | 1650 | / | 350 |
| Mountain Giant | 1 | 350 | / | 100 |
| Goblin Shredder | 1 | 375 | / | 100 |
| total: | 62 | 6905g | / | 760w |
| Ancient Protector | 2 | 270 | / | 160 |
| Altar of Elders | 1 | 180 | / | 50 |
| Moon Well | 8 | 1440 | / | 320 |
| Ancient of War | 1 | 150 | / | 60 |
| Hunter's Hall | 1 | 210 | / | 100 |
| Ancient of Wonders | 1 | 90 | / | 30 |
| Tree of Life | 9 | 3060 | / | 1665 |
| Ancient of Wind | 2 | 300 | / | 280 |
| Ancient of Lore | 2 | 310 | / | 290 |
| Chimaera Roost | 3 | 420 | / | 570 |
| Tree of Ages | 1 | 320 | / | 180 |
| Tree of Eternity | 1 | 330 | / | 200 |
| total: | 30 | 6430g | / | 3525w |
| 0:03 | Wisp |
| 0:03 | Wisp |
| 0:08 | Altar of Elders |
| 0:19 | Moon Well |
| 0:21 | Wisp |
| 0:21 | Wisp |
| 0:37 | Ancient of War |
| 0:43 | Wisp |
| 0:54 | Wisp |
| 1:12 | Wisp |
| 1:29 | Moon Well |
| 1:33 | Wisp |
| 1:38 | Archer |
| 1:45 | Archer |
| 2:07 | Trueshot Aura |
| 2:14 | Archer |
| 2:22 | Archer |
| 2:22 | Wisp |
| 2:23 | Wisp |
| 2:51 | Tree of Ages |
| 3:10 | Moon Well |
| 3:17 | Archer |
| 3:35 | Archer |
| 3:46 | Scout |
| 4:16 | Hunter's Hall |
| 4:21 | Archer |
| 4:24 | Ancient of Wonders |
| 5:03 | Archer |
| 5:19 | Archer |
| 5:25 | Ancient of Wind |
| 5:26 | Ancient of Wind |
| 5:32 | Improved Bows |
| 5:41 | Wisp |
| 5:41 | Wisp |
| 5:59 | Ultravision |
| 6:07 | Strength of the Moon |
| 6:31 | Trueshot Aura |
| 6:47 | Hippogryph |
| 6:49 | Moon Well |
| 7:17 | Tree of Eternity |
| 7:27 | Scout |
| 8:15 | Tree of Life |
| 8:46 | Hippogryph |
| 9:02 | Mana Burn |
| 9:56 | Moon Well |
| 9:56 | Moon Well |
| 10:05 | Marksmanship |
| 10:08 | Wisp |
| 10:08 | Wisp |
| 10:08 | Wisp |
| 10:19 | Evasion |
| 10:34 | Trueshot Aura |
| 10:41 | Chimaera Roost |
| 10:42 | Chimaera Roost |
| 10:59 | Hippogryph |
| 11:51 | Hippogryph |
| 11:54 | Wisp |
| 11:54 | Wisp |
| 11:54 | Wisp |
| 11:54 | Wisp |
| 11:55 | Wisp |
| 12:20 | Well Spring |
| 12:24 | Scroll of Healing |
| 12:28 | Potion of Lesser Invulnerability |
| 12:49 | Mana Burn |
| 13:28 | Corrosive Breath |
| 13:28 | Chimaera |
| 13:32 | Chimaera Roost |
| 13:36 | Goblin Shredder |
| 14:24 | Moon Well |
| 14:25 | Wisp |
| 14:25 | Wisp |
| 14:41 | Evasion |
| 15:27 | Howl of Terror |
| 15:32 | Potion of Lesser Invulnerability |
| 15:32 | Staff of Teleportation |
| 15:33 | Scroll of Healing |
| 15:50 | Chimaera |
| 15:52 | Strength of the Wild |
| 15:52 | Reinforced Hides |
| 16:04 | Scroll of Town Portal |
| 16:37 | Tree of Life |
| 16:40 | Tree of Life |
| 17:11 | Ancient of Lore |
| 17:13 | Ancient of Lore |
| 17:53 | Chimaera |
| 18:36 | Moon Well |
| 18:59 | Cleaving Attack |
| 20:40 | Wisp |
| 20:40 | Wisp |
| 20:40 | Wisp |
| 20:40 | Wisp |
| 20:41 | Wisp |
| 20:44 | Wisp |
| 20:44 | Wisp |
| 20:44 | Wisp |
| 21:00 | Scroll of Town Portal |
| 21:09 | Hippogryph |
| 21:12 | Improved Reinforced Hides |
| 21:12 | Improved Strength of the Wild |
| 21:32 | Hardened Skin |
| 21:33 | Resistant Skin |
| 21:53 | Hippogryph |
| 22:15 | Mana Burn |
| 22:33 | Chimaera |
| 23:03 | Starfall |
| 23:15 | Advanced Reinforced Hides |
| 23:16 | Moon Armor |
| 23:16 | Improved Strength of the Moon |
| 23:40 | Metamorphosis |
| 24:02 | Chimaera |
| 24:03 | Mountain Giant |
| 24:07 | Howl of Terror |
| 24:20 | Cleaving Attack |
| 25:05 | Tree of Life |
| 25:11 | Tree of Life |
| 26:07 | Wisp |
| 27:01 | Tree of Life |
| 27:09 | Improved Moon Armor |
| 27:09 | Advanced Strength of the Wild |
| 27:23 | Scroll of Healing |
| 27:24 | Scroll of Town Portal |
| 27:29 | Potion of Lesser Invulnerability |
| 27:29 | Scroll of Healing |
| 28:47 | Advanced Moon Armor |
| 28:47 | Advanced Strength of the Moon |
| 29:16 | Scroll of Town Portal |
| 29:26 | Tree of Life |
| 29:49 | Druid of the Claw Adept Training |
| 29:50 | Abolish Magic |
| 30:52 | Tree of Life |
| 31:51 | Wisp |
| 31:51 | Wisp |
| 34:02 | Wisp |
| 35:07 | Tree of Life |
| 35:52 | Ancient Protector |
| 35:53 | Ancient Protector |
| 36:08 | Scroll of Town Portal |
| 37:01 | Wisp |
| 37:31 | Wisp |
| 37:33 | Wisp |
| 37:33 | Wisp |
| 37:33 | Wisp |
| 37:34 | Wisp |
| Select group | 1962 |
| Right click | 1790 |
| Select | 681 |
| Build/train/purchase | 215 |
| Chat | 98 |
| Use ability | 80 |
| Assign group | 60 |
| Misc. action | 45 |
| Item give/drop | 17 |
| Remove unit | 3 |
⇛